 Dungeon Crawl Stone Soup version 0.27-a0-1188-g73eefd5def (webtiles) character file.

Game seed: 9727724517092228340

6 chippings the Sneak (level 1, -4/18 HPs)
             Began as a Demigod Delver on May 21, 2021.
             Frozen to death by an endoplasm (5 damage)
             ... on level 2 of the Dungeon.
             The game lasted 00:01:17 (474 turns).

chippings the Sneak (Demigod Delver)                 Turns: 474, Time: 00:01:18

Health: -4/18      AC:  3    Str: 13    XL:     1   Next: 60%
Magic:  3/3        EV: 12    Int: 12    God:
Gold:   0          SH:  0    Dex: 15    Spells: 0/0 levels left

rFire    . . .     SeeInvis .   a - +0 falchion
rCold    . . .     Faith    .   (no shield)
rNeg     . . .     Spirit   .   b - +0 leather armour
rPois    .         Reflect  .   (no helmet)
rElec    .         Harm     .   (no cloak)
rCorr    .         Rampage  .   (no gloves)
Will     .....                  (no boots)
Stlth    +++.......             (no amulet)
HPRegen  0.06/turn              (no ring)
MPRegen  0.08/turn              (no ring)

@: no status effects
A: high mp 1, forlorn
a: no special abilities


You were on level 2 of the Dungeon.
You visited 1 branch of the dungeon, and saw 4 of its levels.

Inventory:

Hand Weapons
 a - a +0 falchion (weapon)
Missiles
 c - 2 javelins (quivered)
 h - 14 arrows
Armour
 b - a +0 leather armour (worn)
Jewellery
 i - a +4 ring of slaying
Wands
 g - a wand of digging (3)
Scrolls
 d - a scroll of magic mapping
 e - a scroll of fear
Potions
 f - a potion of haste


   Skills:
 + Level 2.8 Fighting
 + Level 1.9 Long Blades
 + Level 1.9 Dodging
 + Level 4.6 Stealth


You couldn't memorise any spells.
You didn't know any spells.
Your spell library was empty.

Dungeon Overview and Level Annotations

Branches:
Dungeon (5/15)
 Temple: D:4-7


Innate Abilities, Weirdness & Mutations

Your attributes grow dramatically as you level up.
You have an increased reservoir of magic. (+10% MP)
You shall have no god before yourself.


Message History

A gnoll comes into view.
It is wielding a +2 flail of protection.
There is a stone staircase leading down here.
The gnoll shouts!
You hear a shout! x2
You closely miss the gnoll. The gnoll closely misses you.
A gnoll comes into view. It is wielding a +0 flail.
You hit the gnoll.
The gnoll is moderately wounded.
The gnoll closely misses you.
You riposte.
You barely miss the gnoll.
The gnoll is moderately wounded.
A gnoll comes into view. It is wielding a +0 halberd.
You barely miss the gnoll.
The gnoll is moderately wounded.
The gnoll closely misses you.
You riposte.
You closely miss the gnoll.
The gnoll is moderately wounded.
The gnoll barely misses you.
As you read the scroll labelled DUNELA BOAMIU, it crumbles to dust.
A profound silence engulfs you.
It was a scroll of silence.
The gnoll hits you with a +2 flail of protection.
Found an onyx ring.
You see here a +4 ring of slaying.
i - a +4 ring of slaying The gnoll hits you with a +2 flail of protection.
Your hearing returns.
Okay, then.
A kobold comes into view. It is wielding a +0 club.
The kobold shouts!
An endoplasm comes into view.
Found 2 curare-tipped darts.
A giant cockroach comes into view.
The kobold closely misses you.
You hit the endoplasm but do no damage. The gnoll misses you.
You riposte.
You hit the gnoll but do no damage.
The gnoll is lightly wounded.
The kobold barely misses you. The endoplasm hits you.
The gnoll hits you with a +2 flail of protection.
* * * LOW HITPOINT WARNING * * *
The kobold closely misses you. The endoplasm freezes you.
You are frozen.
You die...

..# .# #.##.#
#.##.#
########.##.#
.........##.#
#...........#
#......B.g..#
#..#...J.g..#
#......@.K..#######
##.#.##...........#
# #.#.#..###.##
..........#.#
..#.#....#.#.#
##.#(####.#.#.# #
#.. ..# #.# ### ###
#.# #.#


You could see 2 gnolls, an endoplasm, a giant cockroach and a kobold.

Vanquished Creatures
  2 endoplasms (D:3)
  A bat (D:3)
  A goblin (D:4)
  A kobold (D:4)
  2 rats (D:3)
7 creatures vanquished.

Notes
Turn   | Place    | Note
-------+----------+-------------------------------------------
     0 | D:5      | chippings the Demigod Delver began the quest for the Orb.
     0 | D:5      | Reached XP level 1. HP: 18/18 MP: 3/3
     2 | D:5      | Noticed a centaur
   474 | D:2      | Frozen to death by an endoplasm

Illustrated notes

Levels and vault maps discovered:
D:2:      layout_basic, shapermc_ecumenical_altar_starsandcircs
D:3:      layout_basic
D:4:      layout_cave_pods, uniq_natasha
D:5:      minmay_thinvault, layout_layer_cave, cheibrodos_ashenzari_chains,
          minmay_temple_entry_gardened_gates, serial_shops, shop_fountains,
          minivault_1, due_unseen_surprise

Action                   || total
-------------------------++-------
Melee: Falchion          ||    23
  Use: Scroll            ||     2
 Stab: Distracted        ||     1
       Sleeping          ||     1
Armor: Leather armour    ||     3
Dodge: Dodged            ||    21
       Rpst.: Falchion   ||     7

Table legend: (Time is in decaauts)
 A = Elapsed time spent in this place.
 B = Non-inter-level travel time spent in this place.
 C = Inter-level travel time spent in this place.
 D = Time resting spent in this place.
 E = Time spent auto-exploring this place.
 F = Levels seen in this place.
 G = Mean time per level.
                   A        B        C        D        E       F      G
               +--------+--------+--------+--------+--------+-----+--------+
         Total |    478 |    478 |      0 |    126 |    196 |   4 |  119.5 |
       Dungeon |    478 |    478 |      0 |    126 |    196 |   4 |  119.5 |
               +--------+--------+--------+--------+--------+-----+--------+

Top non-repeatable levels by time:
     D:3: 264 daAuts
     D:4: 137 daAuts
     D:2: 70 daAuts
     D:5: 5 daAuts
